 Dungeon Crawl Stone Soup version 0.20-a0-830-g2c9a30d (webtiles) character file.

23 M4edhros the Sneak (level 2, -4/27 HPs)
             Began as an Octopode Artificer on Mar 7, 2017.
             Slain by a leopard gecko (5 damage)
             ... on level 2 of the Dungeon.
             The game lasted 00:00:39 (754 turns).

M4edhros the Sneak (Octopode Artificer)              Turns: 754, Time: 00:00:40

Health: -4/27      AC:  1    Str: 16    XL:     2   Next: 95%
Magic:  4/4        EV: 13    Int: 13    God:
Gold:   28         SH:  0    Dex: 12    Spells: 1/1 levels left

rFire    . . .     SeeInvis .   e - +0 dagger (speed)
rCold    . . .     Gourm    .   (no shield)
rNeg     . . .     Faith    .   (helmet restricted)
rPois    .         Spirit   .   (no amulet)
rElec    .         Reflect  .   (no ring)
rCorr    .         Harm     .   (no ring)
MR       .....                  (no ring)
Stlth    ..........             (no ring)
Regen    0.1/turn               (no ring)
MPRegen  0.1/turn               (no ring)
                                (no ring)
                                (no ring)

@: berserking, very quick
A: almost no armour, stealthy swim, amphibious, 8 rings, constrict 8, camouflage
1, gelatinous body 1
a: no special abilities


You were on level 2 of the Dungeon.
You were not hungry.

You visited 1 branch of the dungeon, and saw 2 of its levels.

You collected 28 gold pieces.

Inventory:

Hand Weapons
 a - a +0 hunting sling
 e - a +0 dagger of speed (weapon)
 m - a +0 short sword of holy wrath
Missiles
 n - 17 stones (quivered)
Wands
 b - a wand of flame (15/48)
 c - a wand of enslavement (15/24)
 d - a wand of random effects (15/48)
Scrolls
 h - a scroll of identify {unknown}
 i - a scroll of immolation {unknown}
 j - a scroll of magic mapping {unknown}
Comestibles
 f - a bread ration
 k - 3 fruits
 l - a chunk of flesh
 o - a meat ration
 p - a royal jelly


   Skills:
 - Level 1.0 Fighting
 - Level 1.0 Short Blades
 - Level 2.0 Dodging
 + Level 4.1 Stealth
 - Level 3.2 Evocations


You had one spell level left.
You didn't know any spells.

Dungeon Overview and Level Annotations

Branches:
Dungeon (2/15)

Altars:
Vehumet


Innate Abilities, Weirdness & Mutations

You cannot wear most types of armour.
You are very stealthy in the water. (Stealth+)
You are amphibious.
You can wear up to eight rings at the same time.
You can use your tentacles to constrict eight enemies at once.
Your skin changes colour to match your surroundings (Stealth+).
Your rubbery body absorbs attacks. (AC +1, EV +1)


Message History

You are too injured to fight recklessly!
The kobold moves out of view.
You see here a stone.
You hit the leopard gecko. Your grab misses the leopard gecko.
Your squeeze misses the leopard gecko.
The leopard gecko is moderately wounded.
The leopard gecko bites you.
* * * LOW HITPOINT WARNING * * *
It was a potion of berserk rage.
A red film seems to cover your vision as you go berserk!
You feel yourself moving faster!
You feel mighty! The leopard gecko closely misses you.
You hit the leopard gecko. Your grab misses the leopard gecko.
Your squeeze misses the leopard gecko.
The leopard gecko is severely wounded.
Unknown command.
You closely miss the leopard gecko. Your grab misses the leopard gecko.
The leopard gecko is severely wounded.
The leopard gecko bites you.
You die...

$...# ###.#.#
#.....#
##....?###
#........
#.....#
#....K#
###.#l# #.#@#
..#.# ####.#
#.# #.# ##.#
#.(#
###########.##
###
#............#


You could see a leopard gecko and a kobold.

Vanquished Creatures
  An ooze (D:1)
  A worm (D:2)
  A leopard gecko (D:1)
  A bat (D:1)
  2 giant cockroaches
  A goblin (D:2)
  3 hobgoblins
  2 kobolds
  A frilled lizard (D:1)
13 creatures vanquished.

Notes
Turn   | Place    | Note
-------+----------+-------------------------------------------
     0 | D:1      | M4edhros the Octopode Artificer began the quest for the Orb.
     0 | D:1      | Reached XP level 1. HP: 13/13 MP: 3/3
     6 | D:1      | Reached skill level 2 in Stealth
    50 | D:1      | Reached skill level 3 in Stealth
    50 | D:1      | Reached XP level 2. HP: 17/18 MP: 4/4
   690 | D:2      | Reached skill level 4 in Stealth
   715 | D:2      | Found a radiant altar of Vehumet.
   754 | D:2      | Slain by a leopard gecko

Vault maps used:
D:1:      dpeg_arrival_court, serial_bayou_ford_a, minmay_crystal_water
D:2:      grunt_temple_overflow_holy_war, nicolae_overflow_hidden_temple,
          nemelex_xobeh_ov_fountains_minmay, minmay_pentomino_w2

Skill      XL: |  1  2 |
---------------+-------+-----
Stealth        | 3 4 |  4.1
Fighting       | |  1.0
Short Blades   | |  1.0
Dodging        | |  2.0
Evocations     | |  3.2

Action                   || total
-------------------------++-------
Melee: Short sword       ||     4
       Dagger            ||    36
       Tentacles         ||    10
       Constrict         ||     8
  Use: Potion            ||     1
 Stab: Sleeping          ||     3
Dodge: Dodged            ||    17
